 Dungeon Crawl Stone Soup version 0.28-a0-95-g65e1ffefe4 (webtiles) character file.

Game seed: 17682224306836066363

12 Anathary the Sneak (level 2, 0/13 HPs)
             Began as a Spriggan Enchanter on Aug 8, 2021.
             Slain by a jackal (3 damage)
             ... on level 1 of the Dungeon on Aug 23, 2021.
             The game lasted 00:03:48 (706 turns).

Anathary the Sneak (Spriggan Enchanter)              Turns: 706, Time: 00:03:48

Health: 0/13       AC:  2    Str:  4    XL:     2   Next: 20%
Magic:  6/7        EV: 17    Int: 16    God:
Gold:   29         SH:  0    Dex: 15    Spells: 6/7 levels left

rFire   . . .      SeeInvis +   c - +1 dagger (speed)
rCold   . . .      Faith    .   (shield restricted)
rNeg    . . .      Spirit   .   b - +0 robe
rPois   .          Reflect  .   (helmet restricted)
rElec   .          Harm     .   (no cloak)
rCorr   .          Rampage  .   (gloves unavailable)
Will    .....                   (boots unavailable)
Stlth   +++.......              (no amulet)
HPRegen 0.04/turn               (no ring)
MPRegen 0.10/turn               (no ring)

@: very quick
A: very small, no large weapons, unfitting armour, see invisible, speed 3
a: no special abilities


You were on level 1 of the Dungeon.
You visited 1 branch of the dungeon, and saw 1 of its levels.

You collected 29 gold pieces.

Inventory:

Hand Weapons
 c - a +1 dagger of speed (weapon)
Armour
 b - a +0 robe (worn)
Scrolls
 a - a scroll of identify {unknown}


   Skills:
 * Level 1.3 Short Blades
 + Level 2.8 Dodging
 * Level 4.8 Stealth
 + Level 3.0 Spellcasting
 + Level 3.8 Hexes


You had 6 spell levels left.
You knew the following spells:

 Your Spells              Type           Power      Damage    Failure   Level
a - Corona                Hex            15%        N/A       4%          1

Your spell library contained the following spells:

 Spells                   Type           Power      Damage    Failure   Level
 Confusing Touch          Hex            14%        N/A       12%         3
 Tukima's Dance           Hex            14%        N/A       12%         3
 Ensorcelled Hibernation  Hex/Ice        16%        N/A       13%         2
 Dazzling Flash           Conj/Hex       16%        N/A       26%         3


Dungeon Overview and Level Annotations

Branches:
Dungeon (1/15)

Altars:


Innate Abilities, Weirdness & Mutations

You are very small and have problems with some larger weapons.
You are too small for most types of armour.
You have supernaturally acute eyesight. (SInv)
You cover ground extremely quickly. (Speed+++)


Message History

The jackal closely misses you. The jackal barely misses you.
You closely miss the jackal.
The jackal is moderately wounded.
The jackal closely misses you.
The jackal bites you but does no damage.
You hit the jackal.
You kill the jackal!
The jackal misses you. x2
The jackal bites you. The jackal misses you. The jackal closely misses you.
You barely miss the jackal.
The jackal bites you but does no damage.
The jackal bites you.
You barely miss the jackal. The jackal completely misses you.
You hit the jackal.
The jackal is moderately wounded.
The jackal misses you. The jackal bites you.
You hit the jackal.
The jackal is severely wounded.
The jackal bites you but does no damage.
The jackal bites you.
You hit the jackal.
The jackal is almost dead.
The jackal misses you. The jackal completely misses you.
You hit the jackal but do no damage.
The jackal is almost dead.
The jackal completely misses you. The jackal misses you.
You hit the jackal.
You kill the jackal!
Your Spellcasting skill increases to level 3!
You barely miss the jackal. The jackal closely misses you.
You hit the jackal but do no damage. The jackal bites you.
You hit the jackal.
The jackal is severely wounded.
The jackal bites you.
* * * LOW HITPOINT WARNING * * *
You hit the jackal but do no damage.
The jackal is severely wounded.
The jackal bites you.
You die...

#. #.#######...##.# #.
#..............# #.
#########.....###
####.##.## ##.........
#........####.........#
......)....'.........+
##.#...####..)......#
#..h.## ##.........
#..@.# ##.....###
#....# ##...## .......#
##+## #####.### #.# #.#
#.. ##


You could see a jackal.

Vanquished Creatures
  2 endoplasms (D:1)
  2 hobgoblins (D:1)
  2 jackals (D:1)
  A quokka (D:1)
  2 frilled lizards (D:1)
  A goblin (D:1)
  A rat (D:1)
11 creatures vanquished.

Notes
Turn   | Place    | Note
-------+----------+-------------------------------------------
     0 | D:1      | Anathary the Spriggan Enchanter began the quest for the
                  | Orb.
     0 | D:1      | Reached XP level 1. HP: 9/9 MP: 5/5
   616 | D:1      | Reached XP level 2. HP: 13/13 MP: 6/6
   706 | D:1      | Slain by a jackal

Illustrated notes

Levels and vault maps discovered:
D:1:      minmay_arrival_doors, layout_loops_corners,
          ebering_dispersal_statue_hall, minmay_tetromino_l4

Skill      XL: |  1  2 |
---------------+-------+-----
Spellcasting   | 3 |  3.0
Short Blades   | |  1.3
Dodging        | |  2.8
Stealth        | |  4.8
Hexes          | |  3.8

Action                   || total
-------------------------++-------
Melee: Dagger            ||    42
 Cast: Corona            ||     2
 Stab: Sleeping          ||     4
Armor: Robe              ||     4
Dodge: Dodged            ||    30

Table legend: (Time is in decaauts)
 A = Elapsed time spent in this place.
 B = Non-inter-level travel time spent in this place.
 C = Inter-level travel time spent in this place.
 D = Time resting spent in this place.
 E = Time spent auto-exploring this place.
 F = Levels seen in this place.
 G = Mean time per level.
                   A        B        C        D        E       F      G
               +--------+--------+--------+--------+--------+-----+--------+
         Total |    568 |    547 |     21 |    324 |     91 |   1 |  568.0 |
       Dungeon |    568 |    547 |     21 |    324 |     91 |   1 |  568.0 |
               +--------+--------+--------+--------+--------+-----+--------+

Top non-repeatable levels by time:
     D:1: 568 daAuts
